 Dungeon Crawl Stone Soup version 0.20-a0-494-gf50ee04 (webtiles) character file.

127913 tsouns the Brawler (level 16, -2/131 HPs)
             Began as a Demonspawn Assassin on Jan 17, 2017.
             Was a High Priest of Okawaru.
             Slain by a death yak simulacrum (7 damage)
             ... in an ice cave.
             The game lasted 01:48:38 (26450 turns).

tsouns the Brawler (Demonspawn Assassin)           Turns: 26450, Time: 01:48:39

Health: -2/131     AC: 34    Str: 20    XL:     16   Next: 47%
Magic:  14/19      EV: 19    Int: 18    God:    Okawaru [*****.]
Gold:   1516       SH:  0    Dex: 21    Spells: 8/15 levels left

rFire    . . .     SeeInvis .     - Unarmed
rCold    + + .     Gourm    .   a - +3 shadow dragon scales
rNeg     + . .     Faith    .   (no shield)
rPois    +         Spirit   .   C - +2 hat {MR+}
rElec    .         Reflect  .   t - +1 cloak {rPois}
rCorr    +         Harm     .   (gloves unavailable)
MR       ++...                  j - +2 pair of boots
Stlth    +++++.....             (no amulet)
Regen    0.4/turn               n - +4 ring of protection
                                V - ring of resist corrosion

@: agile, finesse, slowed, very slow
A: claws 3, horns 1, icy blue scales 3, agile 1, clever 2, cold resistance 1,
low mp 1, negative energy resistance 1, powered by pain 3, strong 1
a: Heroism, Finesse, Renounce Religion


You were in an ice cave.
You worshipped Okawaru.
Okawaru was extremely pleased with you.
You were not hungry.

You visited 4 branches of the dungeon, and saw 25 of its levels.
You also visited: Labyrinth and Ice Cave.

You collected 2614 gold pieces.
You spent 1098 gold pieces at shops.

Inventory:

Hand Weapons
 b - a +3 blowgun
Missiles
 w - 7 curare-tipped needles
 E - 43 tomahawks (quivered)
 F - 3 needles of confusion
 Q - 3 steel javelins
Armour
 a - +3 shadow dragon scales (worn)
 j - a +2 pair of boots (worn)
 t - a +1 cloak of poison resistance (worn)
 C - a +2 hat of magic resistance (worn)
Jewellery
 n - a +4 ring of protection (right claw)
 V - a ring of resist corrosion (left claw)
Wands
 d - a wand of lightning (10/15)
 f - a wand of iceblast (9/15)
 g - a wand of flame (0/48)
 B - a wand of acid (1/15)
 O - a wand of digging (9/24)
 S - a wand of paralysis (0/24)
 U - a wand of enslavement (10/24)
 Z - a wand of scattershot (3/9)
Scrolls
 e - a scroll of fog
 i - 2 scrolls of silence
 r - 9 scrolls of teleportation
 s - 6 scrolls of fear
 x - 2 scrolls of magic mapping
 y - 6 scrolls of identify
 D - 4 scrolls of recharging
 G - 8 scrolls of blinking
 N - 5 scrolls of remove curse
 R - 3 scrolls of immolation
Potions
 c - 2 potions of ambrosia
 k - 5 potions of magic
 l - a potion of haste
 o - 12 potions of curing
 q - 6 potions of lignification
 u - a potion of resistance
 v - a potion of berserk rage
 H - 4 potions of might
 J - 6 potions of heal wounds
 M - 4 potions of flight
 P - 4 potions of agility
 W - a potion of cancellation
Miscellaneous
 p - a lightning rod (4/4)
 I - a phial of floods
 L - a sack of spiders
 Y - a box of beasts
Comestibles
 z - 11 bread rations
 A - 13 meat rations
 K - 16 fruits


   Skills:
 + Level 13.2 Fighting
   Level 2.6 Short Blades
 - Level 2.1 Throwing
 - Level 11.5 Armour
 - Level 9.1 Dodging
 - Level 3.6 Stealth
 * Level 18.2 Unarmed Combat
 + Level 7.7 Invocations
 + Level 2.5 Evocations


You had 8 spell levels left.
You knew the following spells:

 Your Spells              Type           Power        Failure   Level  Hunger
a - Summon Butterflies    Summ           #.......     97%         1    ##.....
b - Animate Skeleton      Necr           N/A          97%         1    ##.....
c - Apportation           Tloc           #.....       97%         1    ##.....
d - Repel Missiles        Chrm/Air       #.....       99%         2    ###....
e - Blink                 Tloc           N/A          99%         2    ###....


Dungeon Overview and Level Annotations

Branches:
Dungeon (15/15)            Temple (0/1) D:7            Lair (6/6) D:10
  Swamp (2/4) Lair:4       Spider (0/4) Lair:3        Slime (0/5) Lair:5
    Orc (2/2) D:9             Elf (0/3) Orc:2        Vaults (0/5) D:13
 Depths (0/5) D:15

Altars:
Cheibriados
Dithmenos
Elyvilon
Kikubaaqudgha
Makhleb
Nemelex Xobeh
Okawaru
Qazlal
Ru
Sif Muna
Trog
Xom
Zin
The Shining One
Beogh
Jiyva

Shops:
D:6 ?   D:10 (**   Orc:2 (!:!

Portals:
Pandemonium: Orc:2


Innate Abilities, Weirdness & Mutations

You have claws for hands.
You are completely covered in icy blue scales. (AC +4, rC+)
Your flesh is cold resistant. (rC+)
You resist negative energy. (rN+)
You are powered by pain.
You have a pair of small horns on your head.
You are agile. (Dex +2)
Your mind is very acute. (Int +4)
Your magical capacity is low. (-10% MP)
Your muscles are strong. (Str +2)


Message History

You can now deal lightning-fast blows.
The Ice Fiend claws you!
* * * LOW HITPOINT WARNING * * *
The Ice Fiend freezes you! You resist.
* * * LOW HITPOINT WARNING * * *
The Ice Fiend claws you but does no damage.
The death yak simulacrum gores you but does no damage.
The Ice Fiend calls on the powers of darkness!
Your body is wracked with pain!
* * * LOW HITPOINT WARNING * * *
You feel much better. The Ice Fiend barely misses you. The Ice Fiend claws you!
* * * LOW HITPOINT WARNING * * *
The Ice Fiend freezes you! You resist.
* * * LOW HITPOINT WARNING * * *
You focus on the pain.
You feel agile all of a sudden. The death yak simulacrum gores you!
* * * LOW HITPOINT WARNING * * *
The death yak simulacrum freezes you! You resist.
You die...

#...## ###...#### #≈≈≈####§..#
###..# #######§.##≈≈≈≈≈≈≈##§.###
#..####..####§#≈##≈≈≈≈≈≈≈##.§###
###..#.##§§#.#§≈≈≈≈≈≈≈≈≈≈###§§##
###.#####§§##§#≈≈≈≈≈≈≈≈#§§###.
### ###§§§##≈≈≈≈≈≈##§§§##.
###§.###≈≈≈##§§#####
##..##≈≈≈####.###≈ #@.## ≈
##..#≈ #Z1Z## #...## #....##
###... #..§§§# ###. ....§§ ##
...§§§ #..§. ####§


You could see an Ice Fiend, a death yak simulacrum and an iron troll simulacrum.

Vanquished Creatures
  Gastronok (Lair:1)
  Kirke (D:15)
  Agnes (D:15)
  A stone giant (Orc:1)
  A minotaur (Lab)
  An ogre mage (D:15)
  7 hydras
  The ghost of anet the Infuser, a journeyman DEWz of Ashenzari (Lair:2)
  2 vault guards (D:13)
  Erica (D:7)
  5 centaur warriors
  5 tengu warriors
  2 catoblepae (Lair:6)
  9 two-headed ogres
  2 alligators (Swamp:2)
  A deep troll shaman (Lair:6)
  7 death yaks
  9 orc high priests (Orc:2)
  A sun demon (Orc:2)
  5 skeletal warriors (D:15)
  5 unseen horrors
  2 gelid demonspawn (Orc:2)
  A swamp dragon (Swamp:2)
  2 torturous demonspawn (Orc:2)
  9 orc knights
  A lindwurm (Lair:6)
  4 harpies (D:15)
  2 wizards (D:13)
  A deep elf mage (D:15)
  A necromancer (D:13)
  The ghost of tsouns the Chopper, a novice HOFE of Xom (D:5)
  6 ugly things
  6 orc sorcerers
  3 cyclopes
  A manticore (D:11)
  18 slime creatures
  An ice statue (IceCv)
  Maurice (D:8)
  16 elephants (Lair:6)
  6 black mambas
  Joseph (Lair:1)
  2 gargoyles
  2 naga magi (D:15)
  A smoke demon (Orc:2)
  A rust devil (D:7)
  7 spiny frogs
  5 komodo dragons
  2 rime drakes (Lair:6)
  A redback zombie (D:15)
  An efreet (D:15)
  A yaktaur (D:13)
  5 ice devils
  3 freezing wraiths
  3 anaconda simulacra (IceCv)
  A hellwing (Orc:2)
  9 trolls
  A red devil (Orc:2)
  4 polar bears
  3 meliai (D:14)
  13 blink frogs
  3 hornets
  10 hippogriffs
  The ghost of DEFE the Ducker, an amateur DEMo (D:4)
  3 shadows
  Sigmund (D:3)
  2 dire elephant simulacra (IceCv)
  27 yaks
  7 wyverns
  19 humans (D:13)
  2 basilisks
  4 fire bats (Lair:1)
  A steam dragon (D:13)
  2 hungry ghosts
  12 vampire mosquitoes
  3 iron troll simulacra (IceCv)
  2 death yak simulacra (IceCv)
  10 swamp worms
  A harpy simulacrum (IceCv)
  An acid dragon (D:15)
  5 insubstantial wisps (Swamp:1)
  Edmund (D:4)
  5 wargs
  4 hydra simulacra (IceCv)
  8 water moccasins
  11 porcupines
  A floating eye (shapeshifter) (D:15)
  46 orc warriors
  2 sky beasts
  A swamp drake (Swamp:1)
  3 black bears
  An eye of draining (shapeshifter) (D:15)
  3 ice beasts
  A necrophage (D:10)
  3 phantoms
  12 ogres
  An ettin simulacrum (IceCv)
  3 eyes of draining
  15 wolves
  13 centaurs
  15 crocodiles
  3 big kobolds
  A gnoll sergeant (D:12)
  10 bullfrogs
  A water moccasin zombie (D:7)
  6 scorpions
  2 elephant simulacra (IceCv)
  20 killer bees
  11 wights
  5 electric eels
  7 howler monkeys
  7 crimson imps
  A bullfrog zombie (D:5)
  2 quasits
  5 centaur zombies
  3 draconian simulacra (IceCv)
  6 jellies
  A hound (D:13)
  A bullfrog skeleton (D:4)
  28 orc priests
  15 orc wizards
  Jessica (D:3)
  7 centaur skeletons
  5 iguanas
  Ijyb (D:3)
  16 worker ants
  A polar bear simulacrum (IceCv)
  3 troll simulacra (IceCv)
  5 centaur simulacra (IceCv)
  A hound zombie (D:7)
  3 hound skeletons
  Robin (D:4)
  3 gnolls (D:12)
  3 naga simulacra (IceCv)
  10 adders
  A howler monkey skeleton (D:6)
  3 ogre simulacra (IceCv)
  2 river rats (D:7)
  3 shadow imps
  11 white imps (IceCv)
  2 oozes
  An adder zombie (D:6)
  An adder skeleton (D:5)
  4 worms
  5 dart slugs
  3 leopard geckos
  102 orcs
  8 giant cockroaches
  15 goblins
  8 hobgoblins
  9 jackals
  30 kobolds
  3 quokkas
  3 ball pythons
  8 bats
  4 frilled lizards
  A leopard gecko zombie (D:5)
  4 rats
  4 fungi (D:7)
  A plant (D:10)
912 creatures vanquished.

Vanquished Creatures (collateral kills)
  A rust devil (D:8)
  An orc warrior (Orc:1)
  An orc (Orc:1)
3 creatures vanquished.

Vanquished Creatures (others)
  A centaur zombie (D:15)
  5 humans (D:15)
  An orc priest (D:15)
  A white imp (IceCv)
  An ufetubus (IceCv)
  11 fungi
  4 plants (Lair:6)
24 creatures vanquished.

Grand Total: 939 creatures vanquished

Notes
Turn   | Place    | Note
-------+----------+-------------------------------------------
     0 | D:1      | tsouns the Demonspawn Assassin began the quest for the Orb.
     0 | D:1      | Reached XP level 1. HP: 16/16 MP: 1/1
   270 | D:1      | Gained mutation: You have sharp fingernails. [demonic ancestry]
   270 | D:1      | Reached XP level 2. HP: 18/22 MP: 2/2
   610 | D:1      | Reached skill level 1 in Unarmed Combat
   610 | D:1      | Reached XP level 3. HP: 22/27 MP: 3/3
  1268 | D:2      | Found a white marble altar of Elyvilon.
  1394 | D:2      | Reached skill level 2 in Unarmed Combat
  1601 | D:2      | Found a faded altar of an unknown god.
  1634 | D:2      | Found a glowing golden altar of the Shining One.
  1663 | D:2      | Reached XP level 4. HP: 22/33 MP: 4/4
  2084 | D:3      | Noticed Sigmund
  2108 | D:3      | Killed Sigmund
  2108 | D:3      | Reached skill level 4 in Unarmed Combat
  2108 | D:3      | Gained mutation: You sometimes gain a little power by taking damage. [demonic ancestry]
  2108 | D:3      | Reached XP level 5. HP: 36/38 MP: 5/5
  2159 | D:3      | Noticed Ijyb
  2202 | D:3      | Killed Ijyb
  2246 | D:3      | Found a glowing silver altar of Zin.
  2422 | D:3      | Found a shimmering altar of Xom.
  2440 | D:3      | Reached skill level 5 in Unarmed Combat
  2440 | D:3      | Gained mutation: You are partially covered in icy blue scales. (AC +2) [demonic ancestry]
  2440 | D:3      | Reached XP level 6. HP: 44/44 MP: 6/6
  2542 | D:3      | Found a shadowy altar of Dithmenos.
  2673 | D:3      | Noticed Jessica
  2689 | D:3      | Killed Jessica
  3066 | D:4      | Reached skill level 6 in Unarmed Combat
  3195 | D:4      | Noticed Edmund
  3234 | D:4      | Killed Edmund
  3234 | D:4      | Gained mutation: You have very sharp fingernails. [demonic ancestry]
  3234 | D:4      | Reached XP level 7. HP: 46/50 MP: 7/7
  3285 | D:4      | Noticed DEFE's ghost (amateur DEMo)
  3313 | D:4      | Killed DEFE's ghost
  3313 | D:4      | Reached skill level 1 in Armour
  3313 | D:4      | Reached skill level 7 in Unarmed Combat
  3640 | D:4      | Noticed Robin
  3750 | D:4      | Killed Robin
  3807 | D:4      | Found an iron altar of Okawaru.
  3828 | D:4      | Became a worshipper of Warmaster Okawaru
  3831 | D:4      | Found a stormy altar of Qazlal.
  4026 | D:4      | Gained mutation: You sometimes gain power by taking damage. [demonic ancestry]
  4026 | D:4      | Reached XP level 8. HP: 40/56 MP: 8/8
  4331 | D:5      | Entered Level 5 of the Dungeon
  4404 | D:5      | Noticed tsouns's ghost (novice HOFE)
  4420 | D:5      | Killed tsouns's ghost
  4420 | D:5      | Reached * piety under Okawaru
  4420 | D:5      | Reached skill level 8 in Unarmed Combat
  4686 | D:5      | Reached skill level 1 in Invocations
  5032 | D:5      | Reached skill level 9 in Unarmed Combat
  5194 | D:5      | Found a snail-covered altar of Cheibriados.
  5358 | D:6      | Found a bloodstained altar of Trog.
  5374 | D:6      | Gained mutation: You are mostly covered in icy blue scales. (AC +3) [demonic ancestry]
  5374 | D:6      | Reached XP level 9. HP: 56/62 MP: 7/10
  5677 | D:6      | Found Ymigoh's Magic Scroll Shoppe.
  5685 | D:6      | Bought a scroll of blinking for 75 gold pieces
  5685 | D:6      | Bought a scroll of enchant weapon for 75 gold pieces
  5685 | D:6      | Bought a scroll of identify for 20 gold pieces
  5685 | D:6      | Bought a scroll of enchant armour for 75 gold pieces
  5999 | D:6      | Found an ancient bone altar of Kikubaaqudgha.
  6099 | D:7      | Got a warped hand axe
  6100 | D:7      | Identified the cursed +3 hand axe of Iconoclasm {elec, +Inv Int-4 Stlth+} (You found it on level 7 of the Dungeon)
  6190 | D:7      | Reached ** piety under Okawaru
  6300 | D:7      | Found a shadowy altar of Dithmenos.
  6336 | D:7      | Noticed Prince Ribbit
  6336 | D:7      | Noticed Prince Ribbit
  6336 | D:7      | Prince Ribbit changed into Prince Ribbit the eye of draining
  6344 | D:7      | Killed Prince Ribbit the eye of draining
  6551 | D:7      | Reached skill level 10 in Unarmed Combat
  6575 | D:7      | Found a staircase to the Ecumenical Temple.
  6603 | D:7      | Found a sacrificial altar of Ru.
  6623 | D:7      | Reached skill level 5 in Armour
  6957 | D:7      | Found a burning altar of Makhleb.
  6957 | D:7      | Noticed a blizzard demon
  6961 | D:7      | Noticed a hellwing
  7262 | D:8      | Found a sparkling altar of Nemelex Xobeh.
  7370 | D:8      | You fall through a shaft for 3 floors!
  7382 | D:11     | Reached *** piety under Okawaru
  7382 | D:11     | Gained mutation: You have claws for hands. [demonic ancestry]
  7382 | D:11     | Reached XP level 10. HP: 70/73 MP: 9/11
  7428 | D:11     | Noticed a two-headed ogre
  7439 | D:11     | Killed a two-headed ogre
  7439 | D:11     | Reached skill level 5 in Fighting
  7709 | D:11     | Reached skill level 1 in Dodging
  7783 | D:10     | Entered Level 10 of the Dungeon
  7875 | D:10     | Reached skill level 11 in Unarmed Combat
  7900 | D:10     | Found a staircase to the Lair.
  7988 | D:10     | Found Neklounk's Antique Weapon Shoppe.
  8038 | D:9      | Learned a level 1 spell: Summon Butterflies
  8049 | D:8      | Noticed a cyclops
  8396 | D:9      | Reached **** piety under Okawaru
  8404 | D:9      | Found a roughly hewn altar of Beogh.
  8404 | D:9      | Found a staircase to the Orcish Mines.
  8820 | D:9      | Noticed a centaur warrior
  8835 | D:9      | Killed a centaur warrior
  9063 | D:9      | Got a fine shield
  9192 | D:8      | Gained mutation: You are completely covered in icy blue scales. (AC +4, rC+) [demonic ancestry]
  9192 | D:8      | Reached XP level 11. HP: 80/81 MP: 13/13
  9423 | D:8      | Noticed Erica
  9447 | D:8      | Received a gift from Okawaru
  9754 | D:7      | Killed Erica
  9754 | D:7      | Reached skill level 12 in Unarmed Combat
  9970 | D:8      | Learned a level 1 spell: Animate Skeleton
  9972 | D:8      | Learned a level 1 spell: Apportation
  9987 | D:8      | Paralysed by an orc warrior for 3 turns
 10170 | D:8      | Noticed Maurice
 10176 | D:8      | Killed Maurice
 10186 | D:8      | Identified the cursed -4 shield of the Quahog {rN+ Str+4} (You found it on level 9 of the Dungeon)
 10287 | D:8      | Found a deep blue altar of Sif Muna.
 10401 | D:10     | Learned a level 2 spell: Repel Missiles
 10404 | D:10     | Learned a level 2 spell: Blink
 10408 | D:10     | Gained mutation: Your mind is acute. (Int +2) [potion of mutation]
 10408 | D:10     | Gained mutation: Your muscles are strong. (Str +2) [potion of mutation]
 10408 | D:10     | Gained mutation: You have a pair of small horns on your head. [potion of mutation]
 10411 | D:10     | Gained mutation: Your mind is very acute. (Int +4) [potion of mutation]
 10411 | D:10     | Gained mutation: Your magical capacity is low. (-10% MP) [potion of mutation]
 10411 | D:10     | Gained mutation: You are agile. (Dex +2) [potion of mutation]
 10430 | D:10     | Found Aqyrew's Assorted Antiques.
 10445 | D:10     | Bought a large cameo amulet for 110 gold pieces
 10445 | D:10     | Bought a fuming inky potion for 19 gold pieces
 10445 | D:10     | Bought a scroll labeled ZIATI PITIGEG for 22 gold pieces
 10528 | D:7      | Reached ***** piety under Okawaru
 10611 | D:6      | Bought a scroll of identify for 20 gold pieces
 10611 | D:6      | Bought a scroll of enchant armour for 75 gold pieces
 10611 | D:6      | Bought a scroll of remove curse for 30 gold pieces
 10611 | D:6      | Bought a scroll of magic mapping for 35 gold pieces
 10753 | D:10     | Found Iboaped's Assorted Antiques.
 11005 | Lair:1   | Entered Level 1 of the Lair of Beasts
 11135 | Lair:1   | Noticed a six-headed hydra
 11142 | Lair:1   | Killed an eight-headed hydra
 11166 | Lair:1   | Noticed Joseph
 11172 | Lair:1   | Killed Joseph
 11227 | Lair:1   | Received a gift from Okawaru
 11335 | Lair:1   | Noticed Gastronok
 11355 | Lair:1   | Killed Gastronok
 11381 | Lair:1   | Reached skill level 13 in Unarmed Combat
 11700 | Lair:1   | Gained mutation: Your flesh is cold resistant. (rC+) [demonic ancestry]
 11700 | Lair:1   | Reached XP level 12. HP: 89/92 MP: 13/13
 11830 | Lair:2   | Noticed a four-headed hydra
 11838 | Lair:2   | Killed an eight-headed hydra
 11938 | Lair:2   | Noticed anet's ghost (journeyman DEWz)
 11951 | Lair:2   | Killed anet's ghost
 12438 | Lair:3   | Reached skill level 5 in Invocations
 12700 | Lair:3   | Noticed a seven-headed hydra
 12709 | Lair:3   | Killed an 11-headed hydra
 12781 | Lair:3   | Found a hole to the Spider Nest.
 13759 | Lair:4   | Reached skill level 14 in Unarmed Combat
 13999 | Lair:4   | Found a staircase to the Swamp.
 14164 | Lair:5   | Identified the Volume of the Glacier
 14176 | Lair:5   | Noticed a six-headed hydra
 14187 | Lair:5   | Killed an 11-headed hydra
 14301 | Lair:5   | Received a gift from Okawaru
 14431 | Lair:5   | Noticed a death yak
 14444 | Lair:5   | Killed a death yak
 14444 | Lair:5   | Reached XP level 13. HP: 82/103 MP: 16/16
 14538 | Lair:5   | Reached skill level 10 in Fighting
 14618 | Lair:5   | Found a staircase to the Slime Pits.
 14619 | Lair:5   | Found a viscous altar of Jiyva.
 15114 | Lair:6   | Entered Level 6 of the Lair of Beasts
 15181 | Lair:6   | Reached skill level 15 in Unarmed Combat
 15312 | Lair:6   | Reached ****** piety under Okawaru
 15391 | Lair:6   | Received a gift from Okawaru
 15649 | Lair:6   | Received a gift from Okawaru
 15737 | Lair:6   | Received a gift from Okawaru
 15743 | Lair:6   | Received a gift from Okawaru
 15815 | Lair:6   | Reached skill level 5 in Dodging
 16088 | Lair:6   | Reached XP level 14. HP: 113/113 MP: 17/17
 17001 | Orc:1    | Entered Level 1 of the Orcish Mines
 17056 | Orc:2    | Entered Level 2 of the Orcish Mines
 17130 | Orc:1    | Noticed a stone giant
 17142 | Orc:1    | Killed a stone giant
 17142 | Orc:1    | Received a gift from Okawaru
 17168 | Orc:1    | Reached skill level 16 in Unarmed Combat
 17390 | Orc:2    | Found Qegolecs's Distillery.
 17391 | Orc:2    | Found Obushrepu's Distillery.
 17732 | Orc:2    | Bought a potion of heal wounds for 75 gold pieces
 17732 | Orc:2    | Bought a potion of heal wounds for 75 gold pieces
 17732 | Orc:2    | Bought a potion of haste for 150 gold pieces
 17732 | Orc:2    | Bought a potion of agility for 60 gold pieces
 17734 | Orc:2    | Bought a potion of heal wounds for 65 gold pieces
 17734 | Orc:2    | Bought a potion of berserk rage for 65 gold pieces
 17734 | Orc:2    | Bought a potion of might for 52 gold pieces
 17799 | Orc:2    | Received a gift from Okawaru
 18063 | Orc:2    | Paralysed by an orc sorcerer for 5 turns
 18485 | Orc:1    | Received a gift from Okawaru
 18555 | Orc:1    | Reached skill level 10 in Armour
 19035 | Orc:2    | Found Quafef's Antique Weapon Shoppe.
 19035 | Orc:2    | Found Qoeru's Book Emporium.
 19036 | Orc:2    | Found a one-way gate leading to the halls of Pandemonium.
 19233 | Orc:2    | Found a staircase to the Elven Halls.
 19256 | Orc:2    | Found a roughly hewn altar of Beogh.
 20090 | D:12     | Gained mutation: You are powered by pain. [demonic ancestry]
 20090 | D:12     | Reached XP level 15. HP: 114/120 MP: 18/18
 20594 | D:13     | Reached skill level 17 in Unarmed Combat
 20757 | D:13     | Received a gift from Okawaru
 21259 | D:13     | Found a gate to the Vaults.
 21542 | D:13     | Received a gift from Okawaru
 21670 | D:14     | Received a gift from Okawaru
 22111 | D:14     | Got a shimmering shortbow {god gift}
 22112 | D:14     | Identified the +3 shortbow "Joeneng" {freeze, rPois MR+} (Okawaru gifted it to you on level 14 of the Dungeon)
 22462 | D:15     | Entered Level 15 of the Dungeon
 22462 | D:15     | Noticed Kirke
 22468 | D:15     | Killed Kirke
 22549 | D:15     | Received a gift from Okawaru
 22585 | D:15     | Found a staircase to the Depths.
 22616 | D:15     | Found a labyrinth entrance.
 22626 | Lab      | Entered a labyrinth
 23229 | D:15     | Noticed Agnes
 23239 | D:15     | Killed Agnes
 23539 | D:15     | Gained mutation: You resist negative energy. (rN+) [demonic ancestry]
 23539 | D:15     | Reached XP level 16. HP: 75/129 MP: 13/19
 23569 | D:15     | Got a smoking chain mail
 23580 | D:15     | Identified the +1 chain mail "Pirphiac" {Str+6 Int+8 Dex-2} (You found it on level 15 of the Dungeon)
 24148 | D:15     | Reached skill level 18 in Unarmed Combat
 24782 | D:12     | You fall through a shaft!
 24993 | Swamp:1  | Entered Level 1 of the Swamp
 25281 | Swamp:1  | Reached skill level 1 in Evocations
 25613 | Swamp:2  | Received a gift from Okawaru
 25648 | Swamp:2  | Found a frozen archway.
 25664 | IceCv    | Entered an ice cave
 26412 | IceCv    | Noticed an Ice Fiend
 26450 | IceCv    | HP: 5/131 [death yak simulacrum (8)]
 26450 | IceCv    | Slain by a death yak simulacrum

Vault maps used:
D:1:      sevenhm_arrival_forest_fort_large_4, st_stairs_10
D:2:      elyvilon_altar_5, lemuel_doored_altar,
          chequers_ecumenical_altar_simple_redux, hangedman_decor_opposing
D:3:      led_xom_imps, nicolae_overflow_crystal_walls,
          nicolae_dithmenos_shadow_blocks, uniq_iyjb, uniq_jessica, uniq_sigmund
D:4:      overflow_temple_1_default, old_standard_altar, serial_forest,
          infiniplex_forest_lined_room_3, infiniplex_forest_3_way,
          infiniplex_forest_clump_tiny, infiniplex_forest_clump_long,
          infiniplex_forest_lined_1, uniq_edmund, uniq_robin
D:5:      first_bread, hangedman_decor_push, kennysheep_slug_shrine,
          uniq_prince_ribbit1
D:6:      lemuel_round_altar, serial_shops, shop, trog_ov_bears_minmay
D:7:      cheibrodos_iron_armory, makhleb_altar_promises_db,
          overflow_temple_1_default, nicolae_ru_sacrificial_ziggurat,
          water_boxes_lemuel
D:8:      led_sif_pool, nemelex_xobeh_ov_fountains_minmay, uniq_erica,
          uniq_maurice
D:9:      david_orc_5
D:10:     dpeg_oklobed_lair, serial_shops, nicolae_shop_overgrown_old_shop,
          nicolae_shop_overgrown_old_shop, nicolae_shop_crystal
D:12:     grunt_pizzeria
D:13:     grunt_vaults_entry_tiered
D:15:     grunt_enter_depths_magical_seal, minmay_misc_feat_enclosed,
          lab_entry_generic, hangedman_aviary, uniq_agnes, uniq_kirke
Lair:1:   infiniplex_staircase_pool_2, serial_bayou_shore_b, lemuel_fruit_tree,
          uniq_gastronok, uniq_joseph
Lair:2:   hangedman_lair_unloving_vines, minivault_27
Lair:3:   spider_nest_entry_web_field
Lair:4:   nicolae_swamp_entry_splash_gauntlet, minivault_27,
          serial_bayou_shore_b
Lair:5:   slime_altar_1, st_stairs_11, beast_lair_carwin_5, grunt_megastairs_4,
          serial_bayou_shore_a
Lair:6:   grunt_lair_end_beastmaster, serial_bayou_shore_b, grunt_megastairs_3
Swamp:1:  evilmike_swamp_ruin_rubble_1, ldierk_geyser
Swamp:2:  portal_ice_cave_entry_frozen_things, nicolae_swamp_little_tower,
          swamp_pool2, nicolae_swamp_round_clearing, cheibrodos_swamp_kobolds
Orc:2:    pf_orc_diabolical, mines2_david
IceCv:    ice_cave_caverns_02

Skill      XL: |  1  2  3  4  5  6  7  8  9 10 11 12 13 14 15 16 |
---------------+-------------------------------------------------+-----
Short Blades   | 2 |  2.6
Throwing       | 2 |  2.1
Unarmed Combat | 1 2 4 5 6 7 9 10 11 13 14 15 16 17 18 | 18.2
Armour         | 2 4 5 6 8 9 10 11 | 11.5
Invocations    | 2 3 7 |  7.7
Fighting       | 4 6 8 9 11 12 13 | 13.2
Dodging        | 3 5 6 8 9 |  9.1
Evocations     | 2 |  2.5
Stealth        | |  3.6

Action                   |  1- 3 |  4- 6 |  7- 9 | 10-12 | 13-15 | 16-18 || total
-------------------------+-------+-------+-------+-------+-------+-------++-------
Melee: Dagger            |   137 |    20 |       |       |       |       ||   157
       Punch             |     1 |     1 |    12 |    35 |   106 |    27 ||   182
       Unarmed           |       |   219 |   464 |   684 |  1285 |   370 ||  3022
       Headbutt          |       |       |       |    79 |   296 |    84 ||   459
 Fire: Blowgun           |    12 |    19 |       |     5 |     3 |       ||    39
Throw: Stone             |       |       |     1 |       |       |       ||     1
       Tomahawk          |       |       |       |     2 |     5 |    11 ||    18
Invok: Heroism           |       |       |     5 |    18 |    11 |     3 ||    37
       Finesse           |       |       |       |     1 |     7 |     2 ||    10
Evoke: Wand              |       |       |    16 |    10 |    13 |    17 ||    56
       Phial of floods   |       |       |       |       |     2 |       ||     2
  Use: Scroll            |     4 |     8 |     7 |    19 |    11 |     2 ||    51
       Potion            |       |       |     3 |     6 |     3 |     1 ||    13
 Stab: Sleeping          |     6 |       |       |    10 |    14 |     5 ||    35
       Paralysed         |       |       |       |     4 |       |       ||     4
       Distracted        |       |       |       |     2 |     3 |     1 ||     6
       Petrified         |       |       |       |       |     6 |       ||     6
       Petrifying        |       |       |       |       |     1 |       ||     1
  Eat: Bread ration      |     1 |       |       |       |       |       ||     1
       Chunk             |       |     3 |    25 |    27 |    21 |       ||    76
       Pizza             |       |       |     1 |       |       |       ||     1
       Beef jerky        |       |       |       |       |     6 |       ||     6
       Meat ration       |       |       |       |       |       |     1 ||     1
Armor: Robe              |    35 |       |       |       |       |       ||    35
       Chain mail        |       |   126 |   248 |       |       |       ||   374
       Plate armour      |       |       |    16 |   362 |       |       ||   378
       Shadow dragon sca |       |       |       |   195 |   787 |   216 ||  1198
       Skin              |       |       |       |       |     1 |     1 ||     2
Dodge: Dodged            |    60 |    50 |   105 |   262 |   624 |   162 ||  1263
